 Dungeon Crawl Stone Soup version 0.28.0-47-ge53b351184 (webtiles) character file.

Game seed: 3405886729132689091

861 issech the Ducker (level 7, -10/67 HPs)
             Began as a Troll Fighter on May 3, 2022.
             Killed from afar by Maggie (19 damage)
             ... with a bolt of fire
             ... on level 6 of the Dungeon.
             The game lasted 00:11:35 (4557 turns).

issech the Ducker (Troll Fighter)                   Turns: 4557, Time: 00:11:35

Health: -10/67     AC:  4    Str: 25    XL:     7   Next: 71%
Magic:  6/6        EV:  9    Int:  4    God:
Gold:   285        SH:  8    Dex: 11    Spells: 6/6 levels left

rFire   . . .      SeeInvis .   B - +7 trident of Noxious Action {vorpal, rC+ Stlth+}
rCold   + . .      Faith    .   c - +0 kite shield
rNeg    . . .      Spirit   .   b - +0 robe
rPois   .          Reflect  .   (helmet restricted)
rElec   .          Harm     .   (no cloak)
rCorr   .          Rampage  .   (gloves unavailable)
Will    .....                   (boots unavailable)
Stlth   +++.......              (no amulet)
HPRegen 1.01/turn               (no ring)
MPRegen 0.10/turn               (no ring)

@: mesmerised
A: large, unfitting armour, claws 3, regeneration 1, shaggy fur 1, tough skin 1
a: no special abilities


You were on level 6 of the Dungeon.
You visited 1 branch of the dungeon, and saw 6 of its levels.

You collected 285 gold pieces.

Inventory:

Hand Weapons
 a - a +0 flail
 h - a +0 hunting sling
 l - a +2 dagger of venom
 p - a +0 dagger of speed
 y - a +0 giant club
 B - the +7 trident of Noxious Action (weapon) {vorpal, rC+ Stlth+}
   (You found it on level 4 of the Dungeon)

   It inflicts extra damage upon your enemies.
   rC:        It protects you from cold.
   Stlth:     It makes you more stealthy.
 C - a +0 giant spiked club
Missiles
 e - 95 arrows
 g - 119 stones
 m - 5 large rocks (quivered)
 u - 19 bolts
 G - a throwing net
 I - 3 curare-tipped darts
Armour
 b - a +0 robe (worn)
 c - a +0 kite shield (worn)
Magical Staves
 n - a staff of earth
 x - a staff of fire
Wands
 J - a wand of digging (7)
Scrolls
 j - 4 scrolls of teleportation {unknown}
 o - 3 scrolls of summoning {unknown}
 q - 2 scrolls of fog {unknown}
 r - a scroll of brand weapon {unknown}
 s - a scroll of vulnerability {unknown}
 t - 4 scrolls of identify {unknown}
 E - a scroll of fear {unknown}
 H - 2 scrolls of holy word {unknown}
Potions
 d - 2 potions of might
 f - 3 potions of heal wounds {unknown}
 i - 2 potions of curing {unknown}
 k - a potion of degeneration {unknown}
 v - a potion of attraction {unknown}
 w - a potion of mutation {unknown}
 z - a potion of flight {unknown}
 A - a potion of brilliance {unknown}
 D - 2 potions of ambrosia {unknown}
 F - a potion of haste {unknown}


   Skills:
 + Level 3.6 Fighting
 + Level 3.6 Short Blades
 + Level 1.9 Maces & Flails
 + Level 1.8 Polearms
 + Level 1.0 Throwing
 + Level 3.8 Dodging
 + Level 1.7 Stealth
 + Level 3.5 Shields


You had 6 spell levels left.
You didn't know any spells.
Your spell library contained the following spells:

 Spells                   Type           Power      Damage    Failure   Level
 Ozocubu's Armour         Ice            0%         N/A       99%         3
 Summon Ice Beast         Ice/Summ       0%         N/A       100%        4
 Summon Mana Viper        Hex/Summ       0%         N/A       100%        5
 Monstrous Menagerie      Summ           0%         N/A       100%        7
 Ozocubu's Refrigeration  Ice            0%         4d5       100%        7


Dungeon Overview and Level Annotations

Branches:
Dungeon (6/15)
 Temple: D:4-7

Altars:
Ashenzari
Cheibriados
Sif Muna
Uskayaw
Vehumet

Shops:
D:4 *

Annotations:
D:6 Maggie


Innate Abilities, Weirdness & Mutations

You are too large for most types of armour.
You have claws for hands.
Your natural rate of healing is unusually fast.
You are covered in fur. (AC +1)
You have tough skin. (AC +1)


Message History

You closely miss Maggie.
Maggie is moderately wounded.
You block Maggie's attack. Maggie barely misses you.
You closely miss Maggie.
Maggie is moderately wounded.
Maggie casts a spell.
Maggie attempts to bespell you!
You are mesmerised by Maggie!
You barely miss Maggie.
Maggie is moderately wounded.
Maggie closely misses you.
You barely miss Maggie.
Maggie is moderately wounded.
Maggie hits you but does no damage.
You hit Maggie.
Maggie is moderately wounded.
You block Maggie's attack.
Maggie hits you with a +0 broad axe of distortion.
Space warps around you.
You hit Maggie.
Maggie is heavily wounded.
Maggie hits you with a +0 broad axe of distortion!
* * * LOW HITPOINT WARNING * * *
Space warps around you.
* * * LOW HITPOINT WARNING * * *
You hit Maggie.
Maggie is heavily wounded.
Maggie hits you with a +0 broad axe of distortion!
* * * LOW HITPOINT WARNING * * *
You blink.
You puncture Maggie!
Maggie is almost dead.
Maggie casts a spell.
Maggie draws you further into her thrall.
You block Maggie's attack.
You hit Maggie but do no damage.
Maggie is almost dead.
Maggie gestures at you while chanting. The bolt of fire hits you!!
You die...

.....# ......# .....#
.....# ## .....#
.....+... .....#
.....#.## .....#
####..... .....#
####..... ######
####..... #........
##@.......
###############.@...._..
...[.................(..
################........
####..(.. ####.....
####..... #n##$..## .#
..##


You could see Maggie (mesmerising) and a necrophage.

Vanquished Creatures
  Grinder (D:6)
  A water moccasin (D:6)
  2 ogres
  3 scorpions
  A water moccasin skeleton (D:6)
  A jelly (D:4)
  An iguana (D:5)
  A hound zombie (D:5)
  2 adders (D:3)
  4 worms
  2 dart slugs
  5 orcs (D:5)
  8 ball pythons
  7 endoplasms
  3 giant cockroaches
  2 goblins
  6 hobgoblins
  2 jackals (D:1)
  A quokka (D:3)
  5 bats
  3 frilled lizards
  3 kobolds
  4 rats
  A spectral kobold (D:2)
69 creatures vanquished.

Notes
Turn   | Place    | Note
-------+----------+-------------------------------------------
     0 | D:1      | issech the Troll Fighter began the quest for the Orb.
     0 | D:1      | Reached XP level 1. HP: 22/22 MP: 0/0
   190 | D:1      | Reached XP level 2. HP: 29/29 MP: 1/1
  1147 | D:2      | Found a faded altar of an unknown god.
  1156 | D:2      | Reached XP level 3. HP: 36/36 MP: 2/2
  1769 | D:3      | Reached skill level 1 in Short Blades
  2112 | D:3      | Reached XP level 4. HP: 40/44 MP: 3/3
  2160 | D:4      | Found Mufa's Overcharged Wands.
  2173 | D:4      | Noticed an ogre
  2204 | D:3      | Killed an ogre
  2205 | D:3      | Reached XP level 5. HP: 20/50 MP: 4/4
  2339 | D:4      | Found a shimmering blue altar of Sif Muna.
  2571 | D:4      | Identified the +7 trident of Noxious Action {vorpal, rC+
                  | Stlth+}
  2608 | D:4      | Reached XP level 6. HP: 54/59 MP: 5/5
  2856 | D:5      | Entered Level 5 of the Dungeon
  2906 | D:5      | Reached skill level 1 in Stealth
  3128 | D:5      | Found a radiant altar of Vehumet.
  3134 | D:5      | Found a hide-covered altar of Uskayaw.
  3143 | D:5      | Found a broken altar of Ashenzari.
  4085 | D:6      | Identified the +2 pair of gloves of Compassion {Fly Str+3}
  4092 | D:6      | Noticed Grinder
  4097 | D:6      | Paralysed by Grinder for 4 turns
  4103 | D:6      | Killed Grinder
  4104 | D:6      | Reached skill level 1 in Polearms
  4104 | D:6      | Reached XP level 7. HP: 20/67 MP: 6/6
  4378 | D:6      | Reached skill level 1 in Throwing
  4536 | D:6      | Found a snail-covered altar of Cheibriados.
  4538 | D:6      | Noticed Maggie
  4557 | D:6      | Killed from afar by Maggie

Illustrated notes

Levels and vault maps discovered:
D:1:      dpeg_arrival_tiny_h, layout_loops_ring, nrook_mini_backslash,
          minmay_misc_feat_hallway, minivault_26
D:2:      minmay_alternating_diamond, layout_basic,
          dreamdust_ecumenical_altar_drowned_temple,
          hangedman_abyss_or_decor_lesser_grid
D:3:      layout_rooms
D:4:      layout_rooms, kennysheep_mini, chequers_hall_statues_corner_a,
          minmay_misc_feat_plants, nicolae_shop_overcharged_wands
D:5:      layout_layer_cave, eat_drink_and_be_merry_uskayaw,
          chequers_temple_overflow_statue_of_worship
D:6:      layout_basic, slow_altar_1, uniq_maggie, uniq_grinder

Skill      XL: |  1  2  3  4  5  6  7 |
---------------+----------------------+-----
Short Blades   | 1 2 3 |  3.6
Dodging        | 3 |  3.8
Shields        | 3 |  3.5
Fighting       | 3 |  3.6
Stealth        | 1 |  1.7
Polearms       | 1 |  1.8
Throwing       | 1 |  1.0
Maces & Flails | |  1.9

Action                   |  1- 3 |  4- 6 |  7- 9 || total
-------------------------+-------+-------+-------++-------
Melee: Flail             |    30 |       |       ||    30
       Dagger            |    80 |    25 |       ||   105
       Trident           |       |    30 |    19 ||    49
Throw: Large rock        |     1 |     5 |     3 ||     9
 Stab: Sleeping          |       |     3 |       ||     3
Armor: Robe              |    40 |    13 |     1 ||    54
Dodge: Dodged            |    43 |    19 |     4 ||    66
Block: Kite shield       |    44 |    14 |     7 ||    65
